 Dungeon Crawl Stone Soup version 0.30.1-9-gdf580d7c3d (webtiles) character file.

Game seed: 13009411359185078945

49 Peloso the Shield-Bearer (level 3, 0/33 HPs)
             Began as a Minotaur Fighter on Oct 12, 2023.
             Succumbed to an adder's poison
             ... on level 3 of the Dungeon.
             The game lasted 00:01:16 (1439 turns).

Peloso the Shield-Bearer (Minotaur Fighter)         Turns: 1439, Time: 00:01:16

Health: 0/33       AC:  7    Str: 20    XL:     3   Next: 51%
Magic:  2/2        EV:  9    Int:  5    God:
Gold:   114        SH:  4    Dex: 11    Spells: 2/2 levels left

rFire   + . .        a - +0 long sword
rCold   . . .        c - +0 buckler
rNeg    . . .        b - +0 scale mail
rPois   +            (helmet restricted)
rElec   .            (no cloak)
rCorr   .            (no gloves)
SInv    .            (no boots)
Will    +....        (no amulet) Stlth
                     (no ring)
HPRegen 0.25/turn    (no ring)
MPRegen 0.08/turn

%: no passive effects
@: lethally poisoned (0 -> -1)
A: horns 2, retaliatory headbutt, fire resistance 1, high MP 1, strong-willed 1,
poison resistance
a: no special abilities


You were on level 3 of the Dungeon.
You visited 1 branch of the dungeon, and saw 3 of its levels.

You collected 114 gold pieces.

Inventory:

Hand Weapons
 a - a +0 long sword (weapon)
Armour
 b - a +0 scale mail (worn)
 c - a +0 buckler (worn)
Jewellery
 e - a ring of poison resistance
 g - a ring of resist corrosion
 p - a ring of magical power
Scrolls
 f - a scroll of noise {unknown}
 h - a scroll of blinking {unknown}
 i - 2 scrolls of teleportation {unknown}
 j - a scroll of identify {unknown}
 m - a scroll of brand weapon {unknown}
 o - a scroll of fear {unknown}
Potions
 d - a potion of might
 l - a potion of heal wounds {unknown}
 n - a potion of curing {unknown}


   Skills:
 + Level 4.1 Fighting
 + Level 3.0 Long Blades
 + Level 4.2 Armour
 + Level 0.2 Dodging
 + Level 4.2 Shields


You had 2 spell levels left.
You didn't know any spells.
Your spell library was empty.

Dungeon Overview and Level Annotations

Branches:
Dungeon (3/15)

Altars:


Innate Abilities, Weirdness & Mutations

You have a pair of horns on your head.
You reflexively headbutt those who attack you in melee.
Your flesh is heat resistant. (rF+)
You have an increased reservoir of magic. (+10% MP)
You are strong-willed. (Will+)
Your system is resistant to poisons. (rPois)


Message History

You are no longer poisoned.
The adder bites you but does no damage.
The giant cockroach bites you but does no damage.
Unknown command.
You closely miss the adder.
The adder is severely wounded.
The adder bites you.
* * * LOW HITPOINT WARNING * * *
You are poisoned.
The adder poisons you! The giant cockroach closely misses you.
The adder bites you but does no damage.
You closely miss the adder.
The adder is severely wounded.
* * * LOW HITPOINT WARNING * * *
You feel sick. You block the giant cockroach's attack.
The adder closely misses you. The giant cockroach barely misses you.
Unknown command.
You miss the adder. You headbutt the adder.
You kill the adder!
* * * LOW HITPOINT WARNING * * *
You feel sick.
The giant cockroach bites you but does no damage.
You block the giant cockroach's attack.
Your Long Blades skill increases to level 3!
You hit the giant cockroach.
The giant cockroach is severely wounded.
You feel sick. The giant cockroach bites you.
* * * LOW HITPOINT WARNING * * *
Unknown command.
You hit the giant cockroach but do no damage.
Your headbutt misses the giant cockroach.
The giant cockroach is severely wounded.
* * * LOW HITPOINT WARNING * * *
You feel sick.
The giant cockroach bites you but does no damage. x2
Unknown command.
It was a potion of mutation.
You feel extremely strange.
You feel strong-willed.
You feel resistant to poisons.
You feel resistant to heat.
You feel more energetic.
You die...

## # .######
.#......#
........#
#.......#
#...⌠..#
#B#...#
#@.#####
#......#
#......#
########......#
#.............#
#.######......#
#####.......#
#...........#
....####..[<..#


You could see a giant cockroach.

Vanquished Creatures
  3 adders
  2 dart slugs (D:2)
  2 ball pythons (D:2)
  3 endoplasms
  A frilled lizard (D:2)
  A goblin (D:2)
  5 kobolds
  2 rats (D:1)
19 creatures vanquished.

Notes
Turn   | Place    | Note
-------+----------+-------------------------------------------
     0 | D:1      | Peloso the Minotaur Fighter began the quest for the Orb.
     0 | D:1      | Reached XP level 1. HP: 19/19 MP: 0/0
   246 | D:1      | You fall into a shaft and drop 1 floor!
   297 | D:2      | Reached XP level 2. HP: 22/27 MP: 1/1
   803 | D:2      | Reached XP level 3. HP: 24/33 MP: 2/2
  1438 | D:3      | HP: 1/33 [poisoned by an adder]
  1439 | D:3      | Gained mutation: You are strong-willed. (Will+) [potion of
                  | mutation]
  1439 | D:3      | Gained mutation: Your system is resistant to poisons.
                  | (rPois) [potion of mutation]
  1439 | D:3      | Gained mutation: Your flesh is heat resistant. (rF+)
                  | [potion of mutation]
  1439 | D:3      | Gained mutation: You have an increased reservoir of magic.
                  | (+10% MP) [potion of mutation]
  1439 | D:3      | Succumbed to an adder's poison

Illustrated notes

Levels and vault maps discovered:
D:1:      lordsloth_arrival_two_stooges, layout_loops_ring,
          minmay_tree_intersection
D:2:      layout_loops_ring, minmay_3d_cube
D:3:      layout_rooms, pdpol_wu_jian_five_deadly_venoms, grunt_ministairs_1,
          hangedman_feature_mirror

Skill      XL: |  1  2  3 |
---------------+----------+-----
Armour         | 4 |  4.2
Shields        | 4 |  4.2
Fighting       | 4 |  4.1
Long Blades    | 3 |  3.0
Dodging        | |  0.2

Action                     || total
---------------------------++-------
  Melee: Long sword        ||    54
         Headbutt          ||     4
    Use: Potion            ||     1
 Armour: Scale mail        ||    34
  Dodge: Dodged            ||    25
  Block: Buckler           ||    12
